Map: 2000 Atmospheres LE

Players

Liquidthermy (uThermal) - Winner!

  • Race: Terran Terran

RagnaroK (SHIN)

  • Race: Zerg Zerg

VOD

Have the link to the VOD?

Description

Time

  • Played on: Jan. 4, 2022, 9:02 a.m.
  • Length: 11:30
Show
View Real Time Build Order
Export as new Build Order

Liquidthermy Terran - Winner!

Build Orders: Hellion Opening, Reaper Expand 

Get SALT Encoding   

  12  0:00  SCV  
  13  0:12  SCV  
  14  0:16  Supply Depot  
  14  0:24  SCV  
  15  0:38  SCV  
  15  0:39  Barracks  
  16  0:43  Refinery  
  16  0:50  SCV  
  17  1:02  SCV  
  18  1:14  SCV  
  19  1:27  Orbital Command, Reaper  
  20  1:39  Command Center  
  20  1:48  Supply Depot  
  20  1:53  SCV  
  21  1:58  Marine  
  22  2:05  SCV  
  22  2:08  Factory  
  22  2:14  Refinery  
  22  2:18  SCV  
  22  2:20  Barracks Reactor  
  23  2:30  SCV  
  24  2:43  SCV  
  24  2:55  Starport, SCV  
  25  3:01  Hellion  
  25  3:02  Hellion  
  25  3:03  Orbital Command  
  29  3:06  Barracks Reactor  
  29  3:09  SCV  
  30  3:21  SCV  
  30  3:24  Hellion x2  
  35  3:37  Supply Depot  
  35  3:45  Viking x2  
  41  3:49  Hellion  
  41  3:50  Hellion  
  41  3:53  Barracks Tech Lab  
  43  3:56  SCV x2  
  43  4:00  Supply Depot  
  45  4:08  SCV x2  
  47  4:12  Marine  
  48  4:19  Viking  
  48  4:21  Viking  
  52  4:25  Armory  
  52  4:31  Supply Depot  
  52  4:32  Hellion  
  52  4:34  Hellion  
  52  4:38  SCV x2  
  58  4:49  Viking  
  58  4:52  Viking  
  62  4:55  Hellion  
  62  4:57  Hellion  
  66  5:04  Supply Depot  
  66  5:05  SCV x2  
  68  5:17  Hellion  
  68  5:18  Supply Depot  
  70  5:25  SCV  
  70  5:26  Hellion  
  73  5:31  Viking  
  73  5:33  Viking  
  69  5:38  Hellion  
  69  5:39  SCV  
  72  5:47  Hellion  
  73  5:54  SCV  
  74  6:00  Hellion  
  74  6:01  Viking  
  72  6:09  Hellion  
  67  6:13  Viking  
  67  6:14  SCV  
  67  6:16  SCV  
  65  6:21  Hellion  
  65  6:26  SCV  
  65  6:28  SCV  
  65  6:30  Hellion  
  64  6:35  Viking  
  64  6:38  SCV  
  63  6:40  SCV  
  63  6:42  Command Center  
  63  6:43  Viking  
  63  6:46  Hellion  
  68  6:50  SCV  
  68  6:51  Hellion  
  68  6:52  SCV  
  72  7:00  Factory  
  72  7:02  SCV  
  72  7:03  Factory  
  72  7:07  Viking  
  75  7:09  Hellion  
  75  7:13  Hellion  
  79  7:20  Barracks Tech Lab  
  79  7:28  SCV  
  79  7:29  Refinery  
  80  7:30  Refinery, Hellion  
  80  7:31  SCV, Supply Depot  
  80  7:34  Hellion  
  85  7:38  Supply Depot  
  85  7:40  SCV  
  84  7:51  Hellion  
  84  7:53  SCV  
  84  7:55  Hellion  
  89  7:59  Hellion x2  
  81  8:08  Orbital Command  
  81  8:09  SCV  
  72  8:13  Hellion  
  72  8:17  Thor x2, Hellion  
  72  8:19  SCV  
  87  8:21  SCV  
  88  8:27  Orbital Command  
  88  8:31  SCV  
  88  8:32  Supply Depot  
  89  8:34  Medivac  
  89  8:35  Hellion  
  89  8:38  Medivac  
  95  8:42  Hellion  
  95  8:43  SCV x2  
  95  8:47  Marine  
  100  8:54  Refinery  
  100  8:55  SCV  
  101  8:56  Refinery  
  101  8:57  Hellion  
  101  9:02  Siege Tank, Supply Depot  
  106  9:04  Hellion  
  106  9:05  Siege Tank  
  106  9:09  Supply Depot  
  111  9:14  SCV  
  112  9:18  Hellion  
  112  9:19  SCV  
  112  9:21  SCV  
  115  9:26  SCV, Factory  
  115  9:28  Factory  
  115  9:31  SCV  
  115  9:33  SCV  
  115  9:38  Siege Tank, Hellion  
  120  9:41  Siege Tank  
  120  9:42  Hellion  
  120  9:43  SCV  
  120  9:44  Supply Depot  
  121  9:53  SCV  
  121  10:06  Hellion x2  
  125  10:08  SCV  
  125  10:10  Siege Tank  
  125  10:12  SCV  
  125  10:14  Hellion  
  116  10:27  SCV  
  116  10:28  Hellion x2  
  111  10:29  Factory Tech Lab, Factory Reactor  
  111  10:35  Siege Tank  
  112  10:37  SCV  
  112  10:39  SCV  
  116  10:43  Hellion  
  116  10:48  SCV  
  116  10:49  Hellion x2  
  114  10:50  SCV  
  114  10:56  SCV, Hellion  
  114  11:00  SCV  
  114  11:07  Hellion  
  114  11:08  SCV  
  114  11:10  SCV  
Show
View Real Time Build Order
Export as new Build Order

RagnaroK Zerg 

Build Orders: Pool First 

Get SALT Encoding   

  12  0:00  Drone  
  13  0:13  Overlord  
  13  0:17  Drone  
  14  0:31  Drone x2  
  16  0:40  Spawning Pool  
  15  0:43  Drone  
  15  0:47  Drone  
  17  1:08  Hatchery  
  16  1:11  Drone  
  17  1:27  Extractor, Zergling x4  
  17  1:28  Zergling x2  
  17  1:31  Queen  
  21  1:39  Overlord  
  21  1:50  Drone  
  22  2:00  Drone  
  23  2:06  Queen  
  25  2:11  Drone  
  26  2:19  Queen  
  26  2:20  Drone  
  29  2:24  Drone  
  30  2:31  Drone  
  30  2:33  Drone  
  31  2:38  Drone  
  31  2:39  Drone  
  31  2:42  Drone x2  
  35  2:47  Overlord  
  33  2:51  Metabolic Boost  
  33  2:53  Drone  
  34  3:07  Hatchery  
  34  3:08  Drone  
  34  3:11  Drone  
  36  3:12  Drone  
  36  3:16  Drone  
  36  3:19  Drone x2  
  39  3:20  Drone  
  39  3:23  Drone  
  39  3:26  Overlord  
  41  3:35  Drone  
  41  3:36  Overlord, Drone  
  43  3:44  Queen  
  43  3:46  Zergling x6  
  43  3:48  Drone x3  
  51  3:55  Queen  
  53  3:57  Zergling x2  
  53  3:59  Overlord  
  54  4:05  Baneling Nest  
  54  4:08  Overlord  
  53  4:13  Spore Crawler  
  53  4:14  Spore Crawler  
  53  4:15  Zergling x6  
  54  4:17  Overlord  
  54  4:19  Drone  
  54  4:20  Drone  
  54  4:22  Drone  
  54  4:23  Drone  
  58  4:29  Queen  
  58  4:30  Drone  
  61  4:31  Drone  
  61  4:33  Drone  
  61  4:38  Queen  
  63  4:41  Drone x2  
  63  4:45  Zergling x2  
  67  4:48  Queen  
  69  4:53  Baneling x3  
  69  4:54  Baneling  
  69  4:55  Baneling, Drone  
  69  4:56  Drone x3  
  69  4:58  Drone  
  69  4:59  Extractor, Drone  
  74  5:05  Overlord x2  
  73  5:07  Baneling x4  
  73  5:17  Overlord  
  73  5:23  Overlord  
  73  5:25  Zergling x12  
  78  5:31  Zergling x2  
  78  5:33  Zergling x4  
  78  5:34  Queen x2  
  78  5:38  Zergling x4  
  78  5:39  Zergling x4  
  78  5:41  Zergling x6  
  79  5:44  Baneling x4  
  79  5:45  Zergling x4  
  79  5:46  Zergling x2  
  79  5:48  Zergling x2  
  80  5:51  Queen  
  80  5:52  Zergling x2  
  80  5:53  Baneling  
  78  6:00  Zergling x2  
  78  6:01  Zergling x2  
  72  6:07  Zergling x2  
  72  6:08  Zergling x2  
  72  6:10  Queen  
  68  6:13  Zergling x2  
  68  6:14  Zergling x6  
  68  6:16  Zergling x2  
  68  6:17  Zergling x4  
  70  6:21  Zergling x2  
  70  6:23  Zergling x2  
  65  6:26  Zergling x2  
  59  6:33  Zergling x4  
  59  6:34  Zergling x2  
  59  6:38  Queen  
  61  6:41  Drone  
  61  6:42  Drone  
  61  6:45  Drone  
  61  6:47  Baneling x3  
  64  6:48  Drone  
  64  6:50  Drone x2  
  67  6:55  Queen  
  67  6:58  Drone x2  
  71  7:02  Drone x3  
  71  7:05  Baneling x5  
  71  7:08  Zergling x4  
  76  7:11  Zergling x4  
  76  7:15  Queen  
  78  7:20  Queen  
  78  7:21  Zergling x4  
  84  7:22  Drone  
  84  7:30  Baneling x3, Queen  
  84  7:31  Baneling  
  84  7:34  Drone x2  
  84  7:36  Zergling x8  
  92  7:38  Baneling  
  92  7:42  Zergling x8  
  95  7:45  Baneling  
  95  7:46  Baneling  
  95  7:47  Zergling x2  
  89  7:51  Drone x2  
  89  7:52  Zergling x4  
  89  7:56  Zergling x2  
  89  7:57  Zergling x2  
  91  7:59  Zergling x2  
  91  8:05  Drone  
  84  8:07  Drone x5  
  84  8:08  Drone  
  84  8:11  Lair, Drone  
  88  8:13  Queen  
  88  8:19  Zergling x4  
  92  8:21  Baneling x2  
  92  8:22  Drone  
  92  8:25  Drone  
  92  8:26  Extractor  
  93  8:29  Evolution Chamber x2, Drone  
  92  8:36  Overlord  
  92  8:37  Drone x4  
  92  8:39  Hatchery  
  92  8:41  Queen  
  92  8:46  Roach Warren, Drone x3  
  94  8:54  Extractor x2  
  92  8:57  Zerg Missile Weapons Level 1  
  92  8:59  Extractor, Zerg Ground Armor Level 1, Drone  
  92  9:00  Drone x2  
  94  9:08  Overlord  
  94  9:23  Overlord  
  94  9:26  Roach x10  
  94  9:29  Baneling  
  94  9:31  Roach x2  
  114  9:38  Roach x3  
  114  9:40  Roach  
  114  9:43  Roach x2  
  114  9:48  Roach x2  
  107  9:53  Roach x2  
  107  9:54  Zergling x4  
  107  9:55  Zergling x4  
  107  9:56  Roach  
  107  9:58  Roach  
  115  10:03  Roach  
  115  10:04  Extractor  
  115  10:05  Roach  
  115  10:06  Extractor, Roach  
  117  10:10  Overlord  
  117  10:13  Roach x3  
  114  10:20  Roach  
  102  10:21  Roach  
  102  10:24  Roach  
  102  10:27  Roach  
  102  10:28  Roach, Queen  
  102  10:32  Ravager  
  103  10:35  Roach  
  103  10:37  Queen  
  103  10:38  Roach  
  103  10:39  Zergling x2, Roach  
  103  10:40  Zergling x2  
  111  10:43  Roach  
  111  10:45  Roach  
  111  10:48  Roach  
  97  10:51  Roach  
  93  10:57  Roach  
  93  10:59  Roach  
  93  11:02  Roach  
  83  11:06  Roach  
  83  11:10  Roach  
Tags
 
Add a new tag
Caveats
  • Supply blocks, unpowered buildings, or Contaminate may cause inaccurate times.
  • Supply counts are checked every 10 seconds.